Workbook
Name \A: [1]A!#REF!
Name \B: [1]A!#REF!
Name \C: [1]A!#REF!
Name a: [1]A!#REF!
Name aa: '[2]SELBEG santehnik'!$A$7:$A$909
Name AANOAT_FP: #REF!
Name Actual: #REF!
Name ad: '[3]SAN orlogo 2009'!$E$2:$E$73
Name ae: [4]Sheet12!$B$52:$B$58
Name af: '[3]SAN orlogo 2009'!$H$2:$H$73
Name aq: [4]Sheet12!$B$60:$B$68
Name as: [4]ORLOGO!$E$1065:$E$1163
Name asa: [5]RefData!$B$3:$B$13
Name asdfsf: #REF!
Name Asset_Short_Descriptions: '[6]Book Asset Register'!$H$3606:$H$3623
Name at: [4]Sheet12!$B$44:$B$50
Name ay: [4]Sheet12!$G$44:$G$50
Name az: [4]Sheet12!$G$60:$G$68
Name bn: [4]Sheet2!$I$2:$I$360
Name CASH_BSCM: #REF!
Name CASH_BSPM: #REF!
Name CASH_CFCM: #REF!
Name CASH_CFPM: #REF!
Name CASH_NOCFCM: #REF!
Name CASH_NOCFPM: #REF!
Name CASH_WCCM: #REF!
Name CASH_WCPM: #REF!
Name cata: #REF!
Name CC: [7]RefData!$F$3:$F$11
Name CITDeduct: [7]RefData!$E$3:$E$4
Name COA: #REF!
Name COA_BS: #REF!
Name COA_PL: #REF!
Name COGS: #REF!
Name Comparative: #REF!
Name Cost_Column: #REF!
Name da: [4]Sheet5!$B$690:$B$982
Name DATA1: #REF!
Name DATA10: '[8]Billable Exp Jul 09'!#REF!
Name DATA11: #REF!
Name DATA12: #REF!
Name DATA13: '[8]Billable Exp Jul 09'!#REF!
Name DATA14: #REF!
Name DATA15: #REF!
Name DATA16: #REF!
Name DATA17: #REF!
Name DATA2: #REF!
Name DATA3: #REF!
Name DATA4: #REF!
Name DATA5: #REF!
Name DATA6: #REF!
Name DATA7: #REF!
Name DATA8: #REF!
Name DATA9: '[9]Billable Exp Jul 09'!#REF!
Name dd: [4]ORLOGO!$B$105:$B$179
Name de: [4]Sheet5!$E$690:$E$982
Name df: [4]ORLOGO!$B$785:$B$989
Name dg: [4]ORLOGO!$E$785:$E$989
Name dh: [4]ORLOGO!$F$785:$F$989
Name EBITA_MTD: #REF!

Sheet Face
C6: Регистрийн дугаар: | G6: 2 | H6: 0 | I6: 3 | J6: 2 | K6: 4 | L6: 6 | M6: 5
C7: Хаяг:
C9: Утас: Факс:
C10: Өмчийн хэлбэр: Төрийн 0 хувь , хувийн 0 хувь, хувьцаат 100 хувь
C14: Б
N22: "ЕВРАЗИАКАПИТАЛ ХОЛДИНГ ҮЦК" ХК-ИЙН
E23: 2026 ОНЫ 2-Р УЛИРЛЫН
N24: САНХҮҮГИЙН ТАЙЛАН
B37: Хянаж хүлээн авсан байгууллагын нэр | N37: Сар, өдөр | P37: Гарын үсэг

Sheet letter
C5: "Евразиакапитал холдинг ҮЦК" ХК-ийн
C6: 2026 оны 2-р улирлын санхүүгийн тайлангийн
C7: бодит байдлын тухай мэдэгдэл
C10: 2026 оны06 сарын 30 өдөр
A14: Захирал Р.Отгонбат, ерөнхий нягтлан бодогч ......бид манай аж ахуйн нэгжийн 2026 оны 06 сарын 30-ний өдрөөр тасалбар
A15: болгон гаргасан санхүүгийн тайланд тайлант хугацааны үйл ажиллагааны үр дүн,санхүүгийн байдлыг
A16: “Нягтлан бодох бүртгэлийн тухай” хуулийн 17.1 дэх заалтын дагуу үнэн зөв, бүрэн тусгасан болохыг баталж байна.Үүнд:
A17: 1. Бүх ажил гүйлгээ бодитоор гарсан бөгөөд холбогдох анхан шатны баримтыг үндэслэн нягтлан бодох бүртгэл, санхүүгийн тайланд үнэн зөв тусгасан.
A18: 2. Санхүүгийн тайланд тусгагдсан бүх тооцоолол үнэн зөв хийгдсэн.
A19: 3. Аж ахуйн нэгжийн үйл ажиллагааны эдийн засаг, санхүүгийн бүхий л үйл явцыг иж бүрэн хамарсан.
A20: 4. Тайлант үеийн үр дүнд өмнөх оны ажил гүйлгээнээс шилжин тусгагдаагүй, мөн тайлант оны ажил гүйлгээнээс орхигдсон зүйл байхгүй.
A21: 5. Бүх хөрөнгө, авлага, өр төлбөр, орлого, зардлыг холбогдох Санхүүгийн тайлагналын олон улсын стандартын дагуу үнэн зөв тусгасан.
A22: 6. Энэ тайланд тусгагдсан бүхий л зүйл манай байгууллагын албан ёсны өмчлөлд байдаг бөгөөд орхигдсон зүйл үгүй болно.
C26: Гүйцэтгэх захирал________________ (Р.Отгонбат)
C28: Ерөнхий нягтлан бодогч ________________ (....)

Sheet Balance
A5: САНХҮҮ БАЙДЛЫН ТАЙЛАН
A7: "Евразиакапитал холдинг ҮЦК " ХК | C7: 2026.01.01-2026.06.30
A8: ( Аж ахуйн нэгжийн нэр ) | D8: /төгрөгөөр/
A9: Мөрийн дугаар | B9: Үзүүлэлт | C9: Үлдэгдэл
C10: 1-р сарын 1 | D10: 03-р сарын 31
A11: 1 | B11: ХӨРӨНГӨ
A12: 1.1 | B12: Эргэлтийн хөрөнгө
A13: 1.1.1 | B13: Мөнгө,түүнтэй адилтгах хөрөнгө | C13: 12138481 | D13: 12198940
A14: 1.1.2 | B14: Дансны авлага | C14: 4.7196429e+08 | D14: 4.7196429e+08
A15: 1.1.3 | B15: Татвар, НДШ – ийн авлага | C15: 276470.23 | D15: 276470.23
A16: 1.1.4 | B16: Бусад авлага | C16: 58492208 | D16: 57492208
A17: 1.1.5 | B17: Санхүүгийн хөрөнгө | C17: 5.0898101e+08 | D17: 5.0898101e+08
A18: 1.1.6 | B18: Бараа материал | C18: 1930456.4 | D18: 1930456.4
A19: 1.1.7 | B19: Урьдчилж төлсөн зардал/тооцоо | C19: 8713531.6 | D19: 8713531.6
A20: 1.1.8 | B20: Бусад эргэлтийн хөрөнгө
A21: 1.1.9 | B21: Борлуулах зорилгоор эзэмшиж буй эргэлтийн бус хөрөнгө (борлуулах бүлэг хөрөнгө)
A22: 1.1.10 | B22: Богино хугацаат хөрөнгө оруулалт
A23: 1.1.11 | B23: Эргэлтийн хөрөнгийн дүн | C23: =SUM(C13:C22) -> 1.0624964e+09 | D23: =SUM(D13:D22) -> 1.0615569e+09
A24: 1.2 | B24: Эргэлтийн бус хөрөнгө
A25: 1.2.1 | B25: Үндсэн хөрөнгө | C25: 720473.15 | D25: 720473.15
A26: 1.2.2 | B26: Биет бус хөрөнгө | C26: 59457831 | D26: 59457831
A27: 1.2.3 | B27: Урт хугацаат хөрөнгө оруулалт
A28: 1.2.4 | B28: Хойшлогдсон татварын хөрөнгө
A29: 1.2.5 | B29: Хөрөнгө оруулалтын зориулалттай үл хөдлөх хөрөнгө
A30: 1.2.10 | B30: Эргэлтийн бус хөрөнгийн дүн | C30: =SUM(C25:C29) -> 60178304 | D30: =SUM(D25:D29) -> 60178304
A31: 1.3 | B31: НИЙТ ХӨРӨНГИЙН ДҮН | C31: =C23+C30 -> 1.1226748e+09 | D31: =D23+D30 -> 1.1217352e+09
A32: 2 | B32: ӨР ТӨЛБӨР БА ЭЗДИЙН ӨМЧ
A33: 2.1 | B33: ӨР ТӨЛБӨР
A34: 2.1.1 | B34: БОГИНО ХУГАЦААТ ӨР ТӨЛБӨР
A35: 2.1.1.1 | B35: Дансны өглөг | C35: 5.5120645e+08 | D35: 5.5120645e+08
A36: 2.1.1.2 | B36: Цалингийн өглөг | C36: 54886913 | D36: 54886913
A37: 2.1.1.3 | B37: Татварын өр | C37: 15468388 | D37: 15468388
A38: 2.1.1.4 | B38: НДШ - ийн өглөг | C38: 14116799 | D38: 14116799
A39: 2.1.1.5 | B39: Богино хугацаат зээл
A40: 2.1.1.6 | B40: Хүүний өглөг
A41: 2.1.1.7 | B41: Ногдол ашгийн өглөг
A42: 2.1.1.8 | B42: Урьдчилж орсон орлого
A43: 2.1.1.9 | B43: Нөөц /өр төлбөр/
A44: 2.1.1.10 | B44: Бусад богино хугацаат өр төлбөр
A45: 2.1.1.11 | B45: Борлуулах зорилгоор эзэмшиж буй бүлэг хөрөнгөнд хамаарах өр төлбөр
A46: 2.1.1.12
A47: 2.1.1.13 | B47: Богино хугацаат өр төлбөрийн дүн | C47: =SUM(C35:C46) -> 6.3567855e+08 | D47: =SUM(D35:D46) -> 6.3567855e+08
A48: 2.1.2 | B48: УРТ ХУГАЦААТ ӨР ТӨЛБӨР
A49: 2.1.2.1 | B49: Урт хугацаат зээл
A50: 2.1.2.2 | B50: Нөөц /өр төлбөр/
A51: 2.1.2.3 | B51: Хойшлогдсон татварын өр
A52: 2.1.2.4 | B52: Бусад урт хугацаат өр төлбөр | C52: 4.3873658e+08 | D52: 4.3873658e+08
A53: 2.1.2.5
A54: 2.1.2.6 | B54: Урт хугацаат өр төлбөрийн дүн | C54: =SUM(C49:C53) -> 4.3873658e+08 | D54: =SUM(D49:D53) -> 4.3873658e+08
A55: 2.2 | B55: Өр төлбөрийн нийт дүн | C55: =+C47+C54 -> 1.0744151e+09 | D55: =+D47+D54 -> 1.0744151e+09
A56: 2.3 | B56: ЭЗДИЙН ӨМЧ
A57: 2.3.1 | B57: Өмч - төрийн
A58: 2.3.2 | B58: - хувийн
A59: 2.3.3 | B59: - хувьцаат | C59: 1.8742296e+09 | D59: 1.8742296e+09
A60: 2.3.4 | B60: Халаасны хувьцаа
A61: 2.3.5 | B61: Нэмж төлөгдсөн капитал
A62: 2.3.6 | B62: Хөрөнгийн дахин үнэлгээний нэмэгдэл | C62: 1.9926099e+08 | D62: 1.9926099e+08
A63: 2.3.7 | B63: Гадаад валютын хөрвүүлэлтийн нөөц | C63: 0 | D63: 0
A64: 2.3.8 | B64: Эздийн өмчийн бусад хэсэг
A65: 2.3.9 | B65: Хуримтлагдсан ашиг | C65: -2.0252309e+09 | D65: =C65+IS!F41 -> -2.0261705e+09
A66: 2.3.10 | B66: Эздийн өмчийн дүн | C66: =SUM(C58:C65) -> 48259622 | D66: =SUM(D58:D65) -> 47320081
A67: 2.4 | B67: ӨР ТӨЛБӨР БА ЭЗДИЙН ӨМЧИЙН ДҮН | C67: =+C55+C66 -> 1.1226748e+09 | D67: =+D55+D66 -> 1.1217352e+09
C69: =C31-C67 -> 0 | D69: =D31-D67 -> 0
B72: =+letter!C26 -> Гүйцэтгэх захирал________________ (Р.Отгонбат)
B74: =+letter!C28 -> Ерөнхий нягтлан бодогч ________________ (....)

Sheet IS
A3: ОРЛОГЫН ДЭЛГЭРЭНГҮЙ ТАЙЛАН
A8: =+Balance!A7 -> "Евразиакапитал холдинг ҮЦК " ХК | F8: =+Balance!C7 -> 2026.01.01-2026.06.30
A9: Аж ахуйн нэгжийн нэр | F9: (төгрөгөөр)
A10: Мөрийн дугаар | B10: ҮЗҮҮЛЭЛТҮҮД | C10: Өмнөх оны дүн | D10: Тайлант оны дүн | E10: 2025 оны 12 сарын 31 | F10: 2026 оны 03 сарын 31
A12: 1 | B12: Үйл ажиллагааны орлого: | C12: 1.5544625e+08 | E12: =SUM(E13:E16) -> 0 | F12: =SUM(F13:F16) -> 0
A13: 1.1 | B13: Брокер, дилерийн үйл ажиллагааны орлого | C13: 31576251 | E13: 0 | F13: 0
A14: 1.2 | B14: Андеррайтерийн үйл ажиллагааны орлого | C14: 62400000
A15: 1.3 | B15: Үнэт цаасны арилжааны цэвэр орлого
A16: 1.4 | B16: Үнэт цаасны үнэлгээний тэгшитгэлийн цэвэр орлого | C16: 61470000
A17: 2 | B17: Түрээсийн орлого
A18: 3 | B18: Хүүгийн орлого | C18: 290575.23
A19: 4 | B19: Ногдол ашгийн орлого | C19: 76620.665 | E19: =+E20+E21 -> 0 | F19: =+F20+F21 -> 0
A20: 4.1 | B20: Хувьцааны ногдол ашиг
A21: 4.2 | B21: Хараат болон хамтарсан компаниас олсон ашиг
A22: 5 | B22: Эрхийн шимтгэлийн орлого | C22: 0
A23: 6 | B23: Бусад орлого
A24: 7 | B24: Борлуулалт маркетингийн зардал | C24: 55490513
A25: 8 | B25: Ерөнхий ба удирдлагын зардал | C25: 6753744.8 | E25: 7191000 | F25: 1018000
A26: 9 | B26: Санхүүгийн зардал
A27: 10 | B27: Бусад зардал
A28: 11 | B28: Гадаад валютын ханшийн зөрүүний олз (гарз) | C28: 39160000 | E28: 461910.16 | F28: 78458.67
A29: 12 | B29: Үндсэн хөрөнгө данснаас хассаны олз (гарз) | C29: 6576425.8
A30: 13 | B30: Биет бус хөрөнгө данснаас хассаны олз (гарз) | C30: 40400
A31: 14 | B31: Бусад ашиг (алдагдал) | C31: 4596899
A32: 15 | B32: Татвар төлөхийн өмнөх ашиг (алдагдал) | C32: 3291351.2 | E32: =E12+E18+E19+E23-E25+E28+E29-E27+E17 -> -6729089.8 | F32: =F12+F18+F19+F23-F25+F28+F29-F27+F17 -> -939541.33
A33: 16 | B33: Орлогын татварын зардал | C33: 425723.42 | F33: 0
A34: 17 | B34: Татварын дараах ашиг (алдагдал) | C34: =+C32-C33 -> 2865627.8 | E34: =+E32-E33 -> -6729089.8 | F34: =+F32-F33 -> -939541.33
A35: 18 | B35: Зогсоосон үйл ажиллагааны татварын дараах ашиг (алдагдал)
A36: 19 | B36: Тайлант үеийн цэвэр ашиг (алдагдал) | C36: 2865627.8 | E36: =E34 -> -6729089.8 | F36: =F34 -> -939541.33
A37: 20 | B37: Бусад дэлгэрэнгүй орлого
A38: 20.1 | B38: Хөрөнгийн дахин үнэлгээний нэмэгдлийн зөрүү | C38: 2865627.8
A39: 20.2 | B39: Гадаад валютын хөрвүүлэлтийн зөрүү
A40: 20.3 | B40: Бусад олз (гарз)
A41: 21 | B41: Орлогын нийт дүн | E41: =E36 -> -6729089.8 | F41: =F36 -> -939541.33
A42: 22 | B42: Нэгж хувьцаанд ногдох суурь ашиг (алдагдал)
B46: =+Balance!B72 -> Гүйцэтгэх захирал________________ (Р.Отгонбат)
B48: =+letter!C28 -> Ерөнхий нягтлан бодогч ________________ (....)

Sheet Equity
A3: ӨМЧИЙН ӨӨРЧЛӨЛТИЙН ТАЙЛАН
A5: =+Balance!A7 -> "Евразиакапитал холдинг ҮЦК " ХК | I5: =Balance!C7 -> 2026.01.01-2026.06.30
A6: Аж ахуйн нэгжийн нэр | J6: (төгрөгөөр)
B7: Үзүүлэлт | C7: Өмч | D7: Халаасны хувьцаа | E7: Нэмж төлөгдсөн капитал | F7: Хөрөнгийн дахин үнэлгээний нэмэгдэл | G7: Гадаад валютын хөрвүүлэлтийн нөөц | H7: Эздийн өмчийн бусад хэсэг | I7: Хуримтлагдсан ашиг | J7: Нийт дүн
A8: 1 | B8: 2024 оны 01-р сарын 01-ны үлдэгдэл | C8: 1.8742296e+09 | D8: 0 | E8: 0 | F8: 1.9926099e+08 | G8: 0 | H8: 0 | I8: -2.0252309e+09 | J8: 1.1589534e+09
A9: 2 | B9: Нягтлан бодох бүртгэлийн бодлогын өөрчлөлтийн нөлөө,алдааны залруулга | J9: =SUM(C9:I9) -> 0
A10: 3 | B10: Залруулсан үлдэгдэл | C10: =C8 -> 1.8742296e+09 | D10: =D8 -> 0 | E10: =E8 -> 0 | F10: =F8 -> 1.9926099e+08 | G10: =G8 -> 0 | H10: =H8 -> 0 | I10: =I8+I9 -> -2.0252309e+09 | J10: =SUM(C10:I10) -> 48259622
A11: 4 | B11: Тайлант үеийн цэвэр ашиг (алдагдал) | J11: =SUM(C11:I11) -> 0
A12: 5 | B12: Бусад дэлгэрэнгүй орлого | J12: =SUM(C12:I12) -> 0
A13: 6 | B13: Өмчид гарсан өөрчлөлт | J13: =SUM(C13:I13) -> 0
A14: 7 | B14: Зарласан ногдол ашиг | J14: =SUM(C14:I14) -> 0
A15: 8 | B15: Дахин үнэлгээний нэмэгдлийн дүн | J15: =SUM(C15:I15) -> 0
A16: 9 | B16: 2024 оны 12-р сарын 31-ний үлдэгдэл | C16: =+C10+C11+C12+C13+C14+C15 -> 1.8742296e+09 | D16: =+D10+D11+D12+D13+D14+D15 -> 0 | E16: =+E10+E11+E12+E13+E14+E15 -> 0 | F16: =+F10+F11+F12+F13+F14+F15 -> 1.9926099e+08 | G16: =+G10+G11+G12+G13+G14+G15 -> 0 | H16: =+H10+H11+H12+H13+H14+H15 -> 0 | I16: =+I10+I11+I12+I13+I14+I15 -> -2.0252309e+09 | J16: =+J10+J11+J12+J13+J14+J15 -> 48259622
A17: 10 | B17: Нягтлан бодох бүртгэлийн бодлогын өөрчлөлтийн нөлөө,алдааны залруулга | I17: 0 | J17: =SUM(C17:I17) -> 0
A18: 11 | B18: Залруулсан үлдэгдэл | C18: =C16 -> 1.8742296e+09 | F18: =+F16+F17 -> 1.9926099e+08 | G18: =+G16+G17 -> 0 | H18: =+H16+H17 -> 0 | I18: =+I16+I17 -> -2.0252309e+09 | J18: =+J16+J17 -> 48259622
A19: 12 | B19: Тайлант үеийн цэвэр ашиг (алдагдал) | I19: =IS!F41 -> -939541.33 | J19: =SUM(C19:I19) -> -939541.33
A20: 13 | B20: Бусад дэлгэрэнгүй орлого | J20: =SUM(C20:I20) -> 0
A21: 14 | B21: Өмчид гарсан өөрчлөлт | J21: =SUM(C21:I21) -> 0
A22: 15 | B22: Зарласан ногдол ашиг | J22: =SUM(C22:I22) -> 0
A23: 16 | B23: Дахин үнэлгээний нэмэгдлийн дүн | J23: =SUM(C23:I23) -> 0
A24: 17 | B24: 2025 оны 12-р сарын 31-ний үлдэгдэл | C24: =+C18+C19+C20+C21+C22+C23 -> 1.8742296e+09 | D24: =+D18+D19+D20+D21+D22+D23 -> 0 | E24: =+E18+E19+E20+E21+E22+E23 -> 0 | F24: =+F18+F19+F20+F21+F22+F23 -> 1.9926099e+08 | G24: =+G18+G19+G20+G21+G22+G23 -> 0 | H24: =+H18+H19+H20+H21+H22+H23 -> 0 | I24: =+I18+I19+I20+I21+I22+I23 -> -2.0261705e+09 | J24: =+J18+J19+J20+J21+J22+J23 -> 47320081
A25: 18 | I25: =+I24-[20]Balance!E83 -> -1.8717688e+09 | J25: =+[20]Balance!F86-[20]umch!H29 -> 0.0047850013
I26: =+I24-Balance!D65 -> 0 | J26: =+J24-Balance!D66 -> -1.1920929e-07
C29: =+letter!C26 -> Гүйцэтгэх захирал________________ (Р.Отгонбат)
C31: =+letter!C28 -> Ерөнхий нягтлан бодогч ________________ (....)

Sheet Cash flow
A2: МӨНГӨН ГҮЙЛГЭЭНИЙ ТАЙЛАН
A4: =+Balance!A7 -> "Евразиакапитал холдинг ҮЦК " ХК | D4: =+Balance!C7 -> 2026.01.01-2026.06.30
A5: ( Аж ахуйн нэгжийн нэр ) | D5: /төгрөгөөр/
A6: Мөрийн дугаар | B6: ҮЗҮҮЛЭЛТ | C6: 2024 оны 12 сарын 31 | D6: 2025 оны 12 сарын 31
A8: 1 | B8: ҮНДСЭН ҮЙЛ АЖИЛЛАГААНЫ МӨНГӨН ГҮЙЛГЭЭ
A9: 1.1 | B9: Мөнгөн орлогын дүн (+) | C9: =SUM(C10:C18) -> 0 | D9: =SUM(D10:J18) -> 0
A10: 1.1.1 | B10: Бараа борлуулсан, үйлчилгээ үзүүлсний орлого
A11: 1.1.2 | B11: Эрхийн шимтгэл, хураамж, төлбөрийн орлого
A12: 1.1.3 | B12: Даатгалын нөхвөрөөс хүлээн авсан мөнгө
A13: 1.1.4 | B13: Буцаан авсан албан татвар
A14: 1.1.5 | B14: Татаас, санхүүжилтийн орлого
A15: 1.1.6 | B15: Хөрөнгө оруулалт борлуулсны орлого
A16: 1.1.7 | B16: Хүлээн авсан хүүний орлого
A17: 1.1.8 | B17: Хүлээн авсан ногдол ашиг
A18: 1.1.9 | B18: Бусад мөнгөн орлого
A19: 1.2 | B19: Мөнгөн зарлагын дүн (-) | C19: =SUM(C20:C30) -> -2736000 | D19: =SUM(D20:D30) -> -1018000
A20: 1.2.1 | B20: Хөрөнгө оруулалт олж эзэмшихэд төлсөн
A21: 1.2.2 | B21: Ажиллагчдад төлсөн
A22: 1.2.3 | B22: Нийгмийн даатгалын байгууллагад төлсөн
A23: 1.2.4 | B23: Бараа материал худалдан авахад төлсөн
A24: 1.2.5 | B24: Ашиглалтын зардалд төлсөн
A25: 1.2.6 | B25: Түлш шатахуун, тээврийн хөлс, сэлбэг хэрэгсэлд төлсөн
A26: 1.2.7 | B26: Хүүний төлбөрт төлсөн
A27: 1.2.8 | B27: Татварын байгууллагад төлсөн
A28: 1.2.9 | B28: Даатгалын төлбөрт төлсөн
A29: 1.2.10 | B29: Зохицуулалтын хөлс,шимтгэл,хураамжид төлсөн | C29: -2700000 | D29: -1000000
A30: 1.2.11 | B30: Бусад мөнгөн зарлага | C30: -36000 | D30: -18000
A31: 1.3 | B31: Үндсэн үйл ажиллагааны цэвэр мөнгөн гүйлгээний дүн | C31: =+C9+C19 -> -2736000 | D31: =+D9+D19 -> -1018000
A32: 2 | B32: ХӨРӨНГӨ ОРУУЛАЛТЫН ҮЙЛ АЖИЛЛАГААНЫ МӨНГӨН ГҮЙЛГЭЭ
A33: 2.1 | B33: Мөнгөн орлогын дүн (+) | C33: =SUM(C34:C37) -> 0 | D33: =SUM(D34:D37) -> 1000000
A34: 2.1.1 | B34: Үндсэн хөрөнгө борлуулсны орлого
A35: 2.1.2 | B35: Биет бус хөрөнгө борлуулсны орлого
A36: 2.1.3 | B36: Бусад урт хугацаат хөрөнгө борлуулсны орлого
A37: 2.1.4 | B37: Бусдад олгосон зээл, мөнгөн урьдчилгааны буцаан төлөлт | D37: 1000000
A38: 2.2 | B38: Мөнгөн зарлагын дүн (-) | C38: =SUM(C39:C42) -> 0 | D38: =SUM(D39:D42) -> 0 | E38: =SUM(E39:E42) -> 0 | F38: =SUM(F39:F42) -> 0 | G38: =SUM(G39:G42) -> 0 | H38: =SUM(H39:H42) -> 0 | I38: =SUM(I39:I42) -> 0 | J38: =SUM(J39:J42) -> 0
A39: 2.2.1 | B39: Үндсэн хөрөнгө олж эзэмшихэд төлсөн
A40: 2.2.2 | B40: Биет бус хөрөнгө олж эзэмшихэд төлсөн
A41: 2.2.3 | B41: Бусад урт хугацаат хөрөнгө олж эзэмшихэд төлсөн
A42: 2.2.4 | B42: Бусдад олгосон зээл болон урьдчилгаа
A43: 2.3 | B43: Хөрөнгө оруулалтын үйл ажиллагааны цэвэр мөнгөн гүйлгээний дүн | C43: =+C33+C38 -> 0 | D43: =+D33+D38 -> 1000000
A44: 3 | B44: САНХҮҮГИЙН ҮЙЛ АЖИЛЛАГААНЫ МӨНГӨН ГҮЙЛГЭЭ
A45: 3.1 | B45: Мөнгөн орлогын дүн (+) | C45: =SUM(C46:C49) -> 0 | D45: =SUM(D46:D49) -> 0
A46: 3.1.1 | B46: Зээл авсан, өрийн үнэт цаас гаргаснаас хүлээн авсан | D46: 0
A47: 3.1.2 | B47: Хувьцаа болон өмчийн бусад үнэт цаас гаргаснаас хүлээн авсан
A48: 3.1.3 | B48: Төрөл бүрийн хандив
A49: 3.1.4 | B49: Бусад мөнгөн орлого
A50: 3.2 | B50: Мөнгөн зарлагын дүн (-) | C50: =SUM(C51:C55) -> 0 | D50: =+D51+D55 -> 0
A51: 3.2.1 | B51: Зээл, өрийн үнэт цаасны төлбөрт төлсөн мөнгө | D51: 0
A52: 3.2.2 | B52: Санхүүгийн түрээсийн өглөгт төлсөн
A53: 3.2.3 | B53: Хувьцаа буцаан худалдаж авахад төлсөн
A54: 3.2.4 | B54: Төлсөн ногдол ашиг
A55: 3.2.5 | B55: Бусад мөнгөн зарлага
A56: 3.3 | B56: Санхүүгийн үйл ажиллагааны цэвэр мөнгөн гүйлгээний дүн | C56: =+C45+C50 -> 0 | D56: =+D45+D50 -> 0
A57: 4 | B57: Валютын ханшийн зөрүү | C57: 461910.16 | D57: 78458.67
A58: 5 | B58: Бүх цэвэр мөнгөн гүйлгээ | C58: =C31+C43+C56+C57 -> -2274089.8 | D58: =D31+D43+D56+D57 -> 60458.67 | E58: =E31+E43+E56 -> 0 | F58: =F31+F43+F56 -> 0 | G58: =G31+G43+G56 -> 0 | H58: =H31+H43+H56 -> 0 | I58: =I31+I43+I56 -> 0 | J58: =J31+J43+J56 -> 0
A59: 6 | B59: МӨНГӨ,ТҮҮНТЭЙ АДИЛТГАХ ХӨРӨНГИЙН ЭХНИЙ ҮЛДЭГДЭЛ | C59: 14412571 | D59: =Balance!C13 -> 12138481
A60: 7 | B60: МӨНГӨ,ТҮҮНТЭЙ АДИЛТГАХ ХӨРӨНГИЙН ЭЦСИЙН ҮЛДЭГДЭЛ | C60: 12138481 | D60: =Balance!D13 -> 12198940
C63: =C58+C59-C60 -> 0 | D63: =D58+D59-D60 -> 0
B64: =+Balance!B72 -> Гүйцэтгэх захирал________________ (Р.Отгонбат)
B66: =+Balance!B74 -> Ерөнхий нягтлан бодогч ________________ (....)
